 Dungeon Crawl Stone Soup version 0.31.0-11-ge490571c62 (webtiles) character file.

Game seed: 16819772929339645486

135 shadowrider38 the Cutter (level 4, -3/37 HPs)
             Began as a Minotaur Air Elementalist on Feb 4, 2024.
             Was an Initiate of Ru.
             Splashed by a jelly's acid (7 damage)
             ... on level 6 of the Dungeon.
             The game lasted 00:03:59 (2119 turns).

shadowrider38 the Cutter (MiAE)                     Turns: 2119, Time: 00:04:00

Health: -3/37      AC:  1    Str: 14    XL:     4   Next: 97%
Magic:  5/5        EV: 10    Int: 12    God:    Ru [......]
Gold:   78         SH:  4    Dex: 11    Spells: 4/5 levels left

rFire   . . .        a - +2 short sword (speed)
rCold   . . .        h - +0 buckler
rNeg    . . .        j - +0 ring mail
rPois   .            (helmet restricted)
rElec   .            (no cloak)
rCorr   .            (no gloves)
SInv    .            (no boots)
Will    .....        k - amulet of magic regeneration Stlth
                     f - ring of wizardry
HPRegen 0.26/turn    (no ring)
MPRegen 0.49/turn

%: wizardry (x1)
@: silenced, corroded
A: horns 2, retaliatory headbutt
a: Renounce Religion


You were on level 6 of the Dungeon.
You worshipped Ru.
Ru was noncommittal.
You visited 1 branch of the dungeon, and saw 4 of its levels.

You collected 78 gold pieces.

Inventory:

Hand Weapons
 a - a +2 short sword of speed (weapon)
 p - a +1 sling of draining
Missiles
 t - 6 boomerangs
 x - 5 silver javelins
Armour
 h - a +0 buckler (worn)
 j - a +0 ring mail (worn)
Magical Staves
 r - a staff of air
Jewellery
 f - a ring of wizardry (left hand)
 k - an amulet of magic regeneration (around neck)
Scrolls
 c - a scroll of poison {unknown}
 e - a scroll of silence {!r}
 g - a scroll of vulnerability {unknown}
 o - a scroll of teleportation {unknown}
 q - a scroll of amnesia {unknown}
 s - a scroll of revelation
Potions
 b - a potion of magic
 i - a potion of enlightenment {unknown}
 l - a potion of brilliance {unknown}
 m - a potion of haste {unknown}
 n - a potion of might {unknown}


   Skills:
 + Level 2.8 Fighting
 * Level 3.5 Short Blades
 - Level 2.1 Dodging
 - Level 1.5 Stealth
 + Level 2.3 Shields
 - Level 1.3 Spellcasting
 - Level 0.6 Conjurations
 - Level 2.1 Air Magic


You had 4 spell levels left.
You knew the following spells:

 Your Spells              Type           Power      Damage    Failure   Level
a - Shock                 Conj/Air       16%        1d4       19%         1

Your spell library contained the following spells:

 Spells                   Type           Power      Damage    Failure   Level
 Static Discharge         Conj/Air       8%         3-4/arc   26%         2
 Kiss of Death            Conj/Necr      4%         2d5       28%         1
 Swiftness                Air            6%         N/A       36%         3
 Confusing Touch          Hex            0%         N/A       65%         3
 Airstrike                Air            3%         2d(1-17)  75%         4
 Dispel Undead            Necr           0%         3d6       95%         4


Dungeon Overview and Level Annotations

Branches:
Dungeon (6/15) Zot: 21908
 Temple: D:4-7

Altars:
Ru

Annotations:
D:1 exclusion: 2 downstairs
D:2 Sigmund
D:6 Edmund, Grinder


Innate Abilities, Weirdness & Mutations

You have a pair of horns on your head.
You reflexively headbutt those who attack you in melee.


Message History

The hound is heavily wounded.
The hound barely misses you. You furiously retaliate!
You headbutt the hound! You puncture the hound!
You kill the hound!
A bombardier beetle comes into view.
Edmund and a hound come into view.
Edmund is wielding a +2 dire flail of protection.
Edmund shouts!
The hound barks!
You aren't carrying any items that you can evoke.
Unknown command.
Unknown command.
A jelly comes into view.
The jelly quivers.
Edmund clears his throat.
The jelly hits you but does no damage. The hound attacks as it pursues you!
The hound closely misses you. You furiously retaliate!
You headbutt the hound. The hound bites you.
The jelly attacks as it pursues you! The jelly misses you.
The hound stops to sniff the ground.
The hound attacks as it pursues you! The hound closely misses you.
The jelly attacks as it pursues you! The jelly hits you.
You are splashed with acid!
Edmund asks, "Have you met my wondrous brother?"
The hound bites you but does no damage.
Found a runed iron ring.
The hound attacks as it pursues you! The hound bites you but does no damage.
Grinder comes into view.
Grinder shouts!
The hound attacks as it pursues you! The hound bites you.
The hound bites you but does no damage.
You aren't carrying any items that you can evoke.
Unknown command.
As you read the scroll labelled UPSIUZEUTIR, it crumbles to dust.
You feel aware of your surroundings.
It was a scroll of revelation.
A water moccasin comes into view.
The hound bites you but does no damage. The jelly hits you.
The acid corrodes you!
You are splashed with acid!
As you read the scroll labelled NUPPOSTREUTA, it crumbles to dust.
A profound silence engulfs you.
It was a scroll of silence.
The hound closely misses you. You furiously retaliate!
You headbutt the hound, but do no damage.
Grinder blinks!
The jelly hits you.
You are splashed with acid!
* * * LOW HITPOINT WARNING * * *
The hound barely misses you.
It was a potion of curing.
You feel better. The hound bites you.
* * * LOW HITPOINT WARNING * * *
The jelly hits you.
* * * LOW HITPOINT WARNING * * *
You are splashed with acid!
You die...

~,~**,,,,........................
,~,***,,,........................
~,** *,,,.........=..............
,,****,,,......................##
,,,,,,,,,...S......5...........#
******,,,......................##
*,,,........................
*,,,......................##
*,,,.......@J.@...........#
*,,,........h.............#
*,,,......................#
*,,,......................#
*,,,......................#
*,,,......................#
****#######################
###############


You could see Edmund, Grinder (unsilenced), a water moccasin, a hound and a
jelly.

Vanquished Creatures
  A hound (D:6)
  Jessica (D:2)
  3 adders
  A ribbon worm (D:3)
  An orc (D:6)
  4 endoplasms
  2 giant cockroaches
  A goblin (D:2)
  6 hobgoblins
  8 jackals
  A quokka (D:1)
  2 ball pythons
  3 bats
  2 frilled lizards
  8 kobolds
  2 rats
46 creatures vanquished.

Notes
Turn   | Place    | Note
-------+----------+-------------------------------------------
     0 | D:1      | shadowrider38 the Minotaur Air Elementalist began the quest
                  | for the Orb.
     0 | D:1      | Reached XP level 1. HP: 14/14 MP: 1/1
   308 | D:1      | Reached skill level 1 in Short Blades
   455 | D:1      | Reached XP level 2. HP: 23/23 MP: 3/3
  1006 | D:2      | Noticed Sigmund
  1090 | D:2      | Noticed Jessica
  1090 | D:2      | Found a sacrificial altar of Ru.
  1099 | D:2      | Killed Jessica
  1100 | D:2      | Reached skill level 2 in Short Blades
  1100 | D:2      | Reached XP level 3. HP: 21/29 MP: 4/4
  1205 | D:2      | Became a worshipper of Ru the Awakened
  1357 | D:2      | Reached XP level 4. HP: 25/37 MP: 5/5
  1788 | D:3      | Reached skill level 3 in Short Blades
  2021 | D:3      | Found a faded altar of an unknown god.
  2042 | D:3      | You fall into a shaft and drop 3 floors!
  2052 | D:6      | Noticed a steam dragon
  2101 | D:6      | Noticed Edmund
  2116 | D:6      | Noticed Grinder
  2117 | D:6      | Noticed a water moccasin
  2119 | D:6      | Splashed by a jelly's acid

Illustrated notes

Levels and vault maps discovered:
D:1:      erik_arrival_triangle_large, layout_basic, minivault_23
D:2:      layout_rooms, serial_aquarium, aquarium_bridge_square
          [aquarium_subvault_bridge, aquarium_subvault_balcony,
          aquarium_subvault_balcony, aquarium_subvault_wall],
          aquarium_window_double, aquarium_window_1, aquarium_window_fake,
          aquarium_view_2f, aquarium_view_4, aquarium_balcony_3b, basic_altar,
          minmay_fractal_squares_5, uniq_sigmund, uniq_jessica
D:3:      layout_loops_cross, shapermc_ecumenical_altar_starsandcircs
D:6:      layout_basic, kennysheep_crisscross, chequers_serial_rivers_large_a,
          uniq_grinder, uniq_edmund

Skill      XL: |  1  2  3  4 |
---------------+-------------+-----
Fighting       | 1 2 |  2.8
Short Blades   | 1 2 3 |  3.5
Shields        | 1 2 |  2.3
Dodging        | |  2.1
Stealth        | |  1.5
Spellcasting   | |  1.3
Conjurations   | |  0.6
Air Magic      | |  2.1

Action                     |  1- 3 |  4- 6 || total
---------------------------+-------+-------++-------
  Melee: Short sword       |    72 |    58 ||   130
         Unarmed           |     4 |       ||     4
         Headbutt          |    16 |     8 ||    24
         Punch             |     1 |       ||     1
   Cast: Shock             |     1 |       ||     1
    Use: Scroll            |     2 |     2 ||     4
         Potion            |       |     1 ||     1
 Armour: Robe              |     7 |       ||     7
         Ring mail         |    56 |    32 ||    88
  Dodge: Dodged            |    48 |    26 ||    74
  Block: Buckler           |    16 |     6 ||    22
